AoeStats
← AiM | CyclopsTron

Arena

507205926Analyzed
4v4 RM · 15d ago on Sep 17, 2026· 40m 28s· 8 players
Game mode
Random Map
Map size
Large (8 player)
Population
200
Speed
Normal
Resources
Standard
Victory
Conquest
Starting age
Dark Age
Ending age
Imperial Age
RankedLock teamsTeams togetherTeam positionsShared explorationLock speedFull tech treeHidden civsTurbo modeCheats
Victory
Defeat
🇺🇸 Khmer · United States
1783
+11
🇪🇨 Burgundians · Ecuador
1709
+14
🇵🇹 Portuguese · Portugal
1689
+14
🇲🇽 Persians · Mexico
1674
+15
🇲🇽 Hindustanis · Mexico
1748
-16
🇲🇽 Teutons · Mexico
1734
-17
🇲🇽 Tatars · Mexico
1664
-14
🇲🇽 Poles · Mexico
1482
-7
Aztec1327970
10:13 Feudal Age
11:02 Loom
14:05 Castle Age
13:07 Double-Bit Axe
14:12 Horse Collar
25:39 Wheelbarrow
25:21 Heavy Plow
26:07 Bow Saw
26:47 Gold Mining
27:00 Stone Mining
28:38 Hand Cart
30:17 Gold Shaft Mining
30:18 Stone Shaft Mining
33:00 Imperial Age
30:33 Town Watch
33:02 Elite Ballista Elephant
34:46 Chemistry
33:51 Siege Engineers
33:54 Scale Barding Armor
34:18 Conscription
34:33 Fortified Wall
35:04 Chain Barding Armor
34:41 Fletching
35:12 Chain Barding Armor
35:18 Double Crossbow
35:24 Double Crossbow
37:08 Plate Barding Armor
36:57 Masonry
38:58 Ballistics
Eärnur
3:45 Double-Bit Axe
7:00 Horse Collar
11:44 Feudal Age
15:25 Castle Age
14:13 Bow Saw
14:25 Heavy Plow
17:42 Two-Man Saw
21:48 Wheelbarrow
23:44 Hand Cart
28:18 Imperial Age
25:36 Loom
25:38 Town Watch
25:45 Gold Mining
26:50 Scale Mail Armor
26:57 Scale Barding Armor
27:21 Burgundian Vineyards
27:07 Stone Mining
28:33 Chain Barding Armor
28:24 Forging
30:25 Plate Barding Armor
30:26 Iron Casting
30:44 Gold Shaft Mining
30:44 Stone Shaft Mining
30:34 Conscription
30:16 Husbandry
30:57 Crop Rotation
30:13 Elite Coustillier
31:02 Fletching
33:18 Hoardings
33:46 Chemistry
32:57 Masonry
32:27 Treadmill Crane
36:01 Blast Furnace
38:14 Architecture
38:05 Ballistics
37:45 Bodkin Arrow
loco_angel
10:34 Feudal Age
14:44 Castle Age
13:09 Double-Bit Axe
20:24 Horse Collar
22:13 Heavy Plow
25:01 Wheelbarrow
25:25 Bow Saw
26:37 Hand Cart
29:09 Imperial Age
27:01 Husbandry
27:24 Scale Barding Armor
27:30 Forging
27:11 Pikeman
27:46 Loom
28:23 Scale Mail Armor
29:02 Halberdier
29:42 Squires
31:14 Chemistry
30:35 Ballistics
30:54 Chain Mail Armor
30:29 Capped Ram
31:54 Iron Casting
31:36 Bloodlines
32:42 Plate Mail Armor
31:51 Siege Ram
33:16 Town Watch
37:17 Fletching
37:27 Padded Archer Armor
37:07 Elite Skirmisher
38:37 Bodkin Arrow
38:57 Leather Archer Armor
39:56 Two-Man Saw
40:24 Light Cavalry
Kold
6:14 Loom
9:23 Feudal Age
21:49 Double-Bit Axe
22:01 Horse Collar
23:46 Wheelbarrow
27:12 Castle Age
26:13 Gold Mining
28:15 Man-at-Arms
35:36 Fletching
36:29 Bow Saw
36:49 Town Watch
37:20 Hand Cart
38:48 Bodkin Arrow
Sad Clown
5:53 Loom
9:01 Feudal Age
12:30 Town Watch
13:22 Double-Bit Axe
13:18 Horse Collar
14:53 Fletching
16:12 Wheelbarrow
23:14 Castle Age
22:01 Gold Mining
22:52 Bloodlines
23:18 Scale Barding Armor
23:16 Light Cavalry
24:12 Husbandry
25:45 Chain Barding Armor
26:52 Forging
29:43 Hand Cart
30:15 Heavy Plow
33:30 Imperial Age
31:46 Bodkin Arrow
32:03 Padded Archer Armor
32:42 Szlachta Privileges
33:15 Bow Saw
33:23 Leather Archer Armor
33:10 Elite Skirmisher
35:18 Bracer
36:03 Iron Casting
35:41 Winged Hussar
37:34 Thumb Ring
38:49 Blast Furnace
38:11 Town Patrol
38:08 Stone Mining
AiM | CyclopsTron
5:34 Loom
8:36 Feudal Age
9:08 Double-Bit Axe
11:27 Fletching
15:47 Horse Collar
19:35 Wheelbarrow
23:57 Castle Age
23:28 Gold Mining
23:33 Stone Mining
24:35 Bodkin Arrow
25:15 Bow Saw
25:23 Guard Tower
26:15 Town Watch
27:21 Town Patrol
27:46 Heavy Plow
29:11 Fortified Wall
29:33 Masonry
35:36 Hand Cart
Crosnay
10:00 Feudal Age
14:54 Castle Age
13:22 Double-Bit Axe
13:51 Horse Collar
17:30 Wheelbarrow
18:26 Bow Saw
18:17 Heavy Plow
20:48 Stone Mining
25:03 Loom
29:17 Imperial Age
28:03 Bloodlines
27:53 Husbandry
27:59 Scale Barding Armor
28:05 Forging
29:57 Chain Barding Armor
30:00 Town Watch
30:14 Fletching
31:42 Chemistry
30:34 Heavy Camel Rider
31:29 Scale Mail Armor
32:05 Iron Casting
32:47 Chain Mail Armor
33:10 Padded Archer Armor
33:20 Bodkin Arrow
34:57 Shatagni
35:28 Leather Archer Armor
37:38 Ring Archer Armor
37:08 Bracer
37:15 Siege Engineers
37:07 Light Cavalry
37:54 Thumb Ring
38:51 Blast Furnace
38:30 Plate Barding Armor
38:59 Conscription
LeBotut
12:30 Feudal Age
13:18 Double-Bit Axe
16:04 Castle Age
17:16 Bow Saw
18:21 Horse Collar
21:21 Loom
25:52 Wheelbarrow
25:21 Heavy Plow
25:15 Gold Mining
25:30 Town Watch
29:23 Imperial Age
28:08 Scale Barding Armor
28:42 Gold Shaft Mining
28:37 Hand Cart
29:53 Chain Barding Armor
31:32 Chemistry
30:39 Siege Engineers
31:37 Chemistry
32:11 Conscription
33:48 Husbandry
33:59 Bloodlines
34:27 Plate Barding Armor
34:20 Masonry
38:25 Fletching
Connection lost

Rejoining the realm…

Still unreachable

The connection could not be restored.

Session expired

The server has moved on; the page needs a fresh start.